[Event "FIDE Candidates 2026"]
[Site "Pegeia, Cyprus"]
[Date "2026.04.03"]
[Round "5.3"]
[White "Nakamura, Hikaru"]
[Black "Sindarov, Javokhir"]
[Result "0-1"]
[ECO "D31"]
[WhiteElo "2810"]
[BlackElo "2745"]
[Annotator "Rafael Leitao"]
[PlyCount "82"]
[EventDate "2026.??.??"]
[TimeControl "40/7200:1800+30"]

1. d4 {Mark Crowther} d5 2. c4 e6 3. Nc3 c6 4. e4 {Nakamura decide optar pelo Gambito Marshall, provavelmente buscando uma posição complexa e de luta, já que precisava jogar pela vitória a todo custo. No entanto, como veremos, seu adversário estava melhor preparado nessa variante. Além disso, acredito que variantes forçadas de abertura não são exatamente o estilo de Nakamura.} dxe4 5. Nxe4 Bb4+ 6. Bd2 Qxd4 7. Bxb4 Qxe4+ 8. Be2 Na6 9. Bd6 {Este lance, 9.Ba5 e 9.Bc3 são igualmente possíveis e bastante teóricos. O lance jogado na partida é considerado o teste mais crítico. Mark Crowther: 'Nakamura said before the game that he felt he had to go for it today.'} (9. Bc3) (9. Ba5) 9... Qxg2 10. Bf3 (10. Qd2 {Certa vez joguei esse lance em uma partida importante da Copa do Mundo. Mark Crowther: '!?'} Nf6 (10... e5 $5 {também é possível.}) 11. Bf3 Qg6 12. O-O-O e5 13. Bxe5 O-O $6 (13... Be6 {é melhor.}) 14. Ne2 {com iniciativa para as Brancas em Leitão–Shulman, Copa do Mundo da FIDE, Khanty-Mansiysk 2007.}) 10... Qg5 {Mark Crowther: 'A sharp opening'} 11. Ne2 Ne7 ({RR} 11... Bd7 {Mark Crowther} 12. b4 Ne7 13. Ng3 Nf5 14. Ne4 Qh4 15. Rg1 Rd8 16. Rxg7 Bc8 17. Rg4 Qh6 18. Be5 Rxd1+ 19. Rxd1 f6 20. Bxf6 Rf8 21. Bg5 Qh3 22. Ke2 Nd4+ 23. Rxd4 Qxf3+ 24. Kd2 e5 25. Rd8+ Kf7 26. Nd6+ {Vakhidov,J (2506)-Mahdavi,R (2490) chess.com INT 2026 0-1}) 12. Ng3 {Uma posição crítica para todo o sistema de abertura.} O-O $5 {Nakamura fez uma declaração já famosa dizendo que esse lance não estava em seu arquivo de abertura. Mais uma vez, Sindarov surpreende o adversário na abertura. Mark Crowther: 'Nakamura said that this move was not in his files. He now thought for an hour.'} ({Mark Crowther: 'RR'} 12... e5 13. Qb3 {Mark Crowther} O-O 14. h4 Qf6 15. Ne4 Qe6 16. O-O-O Re8 17. Rhg1 Nf5 18. Bh5 Nd4 19. Qd3 g6 20. f4 c5 21. fxe5 Nb4 22. Qf1 Qf5 23. Rxd4 cxd4 24. Nf6+ Kh8 25. Bxb4 Rxe5 26. Bd1 Be6 27. Bd6 {Abdusattorov,N (2716)-Erigaisi,A (2712) Doha QAT 2023 1-0 (49)}) (12... Nf5) 13. h4 $2 {[%eval -88,18] [%wdl 0,641,359] Nakamura pensou por mais de uma hora antes de jogar este lance. Essa decisão é muito estranha, já que a partida segue de forma semelhante após 13.h4 e 13.Ce4, mas o cavalo está muito melhor em e4 do que em g3. Tenho certeza de que, se estivesse em sua melhor forma, o GM americano teria feito o lance de cavalo sem pensar muito, guiado por sua intuição. Mark Crowther: 'N' Mark Crowther: 'Sindarov knew he was better here and with a huge time advantage as well.'} ({Mark Crowther: 'Predecessor:' Mark Crowther: 'RR'} 13. Ne4 {[%eval 0,19] [%wdl 7,986,7] Mark Crowther: '=' Mark Crowther: 'is the only move.'} Qa5+ (13... Qh4 {Mark Crowther} 14. Rg1) 14. b4 Qd8 {Este é o lance que Nakamura considerou e que o fez descartar 13.Ce4.} (14... Nxb4 $5 {parece ruim, mas na verdade é jogável.} 15. O-O $1 (15. Kf1 {Achei esse lance lógico para deixar a coluna g disponível para a torre, mas não é o melhor.} Rd8 16. Qb3 Rxd6 $1 17. Nxd6 e5 {e as Pretas não estão pior nessa posição caótica e desequilibrada.}) 15... Re8 16. Qd2 c5 17. Bxe7 (17. Bxc5 $2 Nbc6) 17... Rxe7 18. Rad1 {Ainda há muitas complicações aqui, e as Pretas provavelmente podem se defender com uma sequência de lances precisos, que Sindarov sem dúvida estudou.} (18. Nf6+ {é tentador, mas após} gxf6 19. Kh1 Kf8 $7 20. Qh6+ Ke8 {o ataque não é decisivo. O computador avalia a posição como 0.00; isso significa que qualquer coisa pode acontecer em uma partida prática.})) 15. Rg1 {Mark Crowther: 'and the game goes on, Sindarov probably had quite a lot prepared.'} Ng6 $1 (15... f6 16. Qe2 $1 {com a ideia de rocar. As Brancas têm uma iniciativa perigosa.} (16. Qc2 $2 {Venkatesan-Smeets, EU-ch U16 Praga 2024.} Nf5 $1 (16... e5 {Mark Crowther} 17. Rd1 Nf5 18. b5 Qa5+ 19. Qd2 Qxd2+ 20. Rxd2 Nxd6 21. Rxd6 cxb5 22. Nxf6+ {½-½ Venkatesan,K (2202)-Smeets,K (2322) EU-ch U16 Prague 2024 (6)} Kh8 {Mark Crowther} 23. Nd7 Bxd7 24. Bxb7 Nc5 25. Bxa8 Rxa8 26. cxb5 Bxb5 27. Rd5 Rc8 {Venkatesan,K (2202)-Smeets,K (2322) Prague CZE 2024 ½-½ (72)}) 17. Bxf8 Qxf8 {com iniciativa para as Pretas.}) (16. Qb3 {foi apontado por Nakamura em sua análise.} Nf5 17. Bxf8 {As Pretas podem capturar tanto com o rei quanto com a dama, mas a posição parece melhor para as Brancas, embora ainda muito complicada.})) (15... Nf5 16. Be5 $1 {com a iniciativa.}) 16. h4 $1 {Um lance difícil.} f5 $5 (16... Nxh4 17. Rxg7+ Kxg7 18. Be5+ f6 19. Bxf6+ Rxf6 20. Qxd8 Nxf3+ 21. Ke2 Rf8 22. Qd6 e5 {Essa linha foi demonstrada no vídeo de Nakamura. As Pretas conseguem escapar com uma sequência de lances precisos.}) 17. Ng5 h6 {e a complicação continua. É fácil concluir que Nakamura simplesmente estava em uma posição muito ruim, tentando demonstrar compensação em uma posição em que seu adversário tinha uma preparação muito superior.}) 13... Qa5+ {Mark Crowther: ''} 14. b4 Nxb4 15. O-O {Mark Crowther: '[#]'} (15. Bxe7 $2 {(Mark Crowther) loses.} Nd5+ (15... Nxa2+ 16. Kf1 $18) 16. Kf1 Nxe7 $19) (15. Qd2 {Mark Crowther} Nc2+ 16. Kd1 Qxd2+ 17. Kxd2 Nd4 (17... Nxa1 18. Bxe7 Re8 19. Bc5 $15) (17... Rd8 $2 18. Kxc2 Rxd6 19. Rad1 $19) 18. Bxe7 Re8 $19 (18... Nxf3+ $2 19. Ke3 $19)) 15... Re8 {As Pretas estão melhor, já que a atividade das Brancas não é suficiente para compensar três peões. Além disso, Sindarov tinha uma grande vantagem no tempo.} 16. Qd2 (16. Qe1 $1 {é a melhor chance. A dama pode ir para e5 em algumas linhas, mas a ideia principal é impedir que as Pretas joguem ...Cf5. Mark Crowther: 'was probably forced.'} c5 17. Rd1 {As Pretas ainda têm uma clara vantagem após} Ng6 $1 18. h5 Nh4) 16... c5 17. Rad1 Nf5 18. Nxf5 exf5 {As Pretas conseguiram simplificar a posição, mas a partida ainda não está decidida.} 19. Qf4 (19. Be5 $5 {Mark Crowther}) 19... Nc6 20. Kh1 $2 (20. Kh2 $1 {[%eval -133,21] [%wdl 0,136,864] Esta foi a última vez em que Nakamura realmente pôde lutar para salvar a partida. O rei fica melhor colocado em h2 na linha após Mark Crowther: '' Mark Crowther: 'is a better defense but it was incredibly difficult to decide on this.'} Nd4 21. Rxd4 $1 cxd4 22. Rg1 g6 23. h5 {Aqui as Brancas têm boas chances práticas. Uma possível continuação é} Qd8 $1 24. Bd5 Be6 25. Bxb7 Rc8 $1 26. c5 {e não é fácil para as Pretas converterem a vantagem, pois as Brancas estão muito ativas.}) 20... Nd4 {Mark Crowther: '-+'} 21. Rg1 {Mark Crowther: '[#] Threatening mate with Rxg7+!.'} (21. Be5 {Mark Crowther} Qa6 22. Bxd4 cxd4 23. Rg1 {might continue to fight.}) 21... g6 {Mark Crowther: 'Essentially the game is over.'} (21... Nxf3 $2 {permite um empate após} 22. Rxg7+ Kxg7 23. Rg1+ Nxg1 (23... Kh8 24. Qxf3 {e as Pretas estão em perigo.}) 24. Qg5+) 22. Bd5 (22. Rxd4 {[%eval -242,19] [%wdl 0,0,1000] é menos perigoso com o rei em h1: Mark Crowther: ''} cxd4 23. h5 (23. Qxd4 {Mark Crowther}) 23... Qc3 $1 {O bispo não pode ir para d5 devido a um xeque em h3.}) 22... Be6 23. Bxb7 Ne2 {As Pretas conseguem simplificar a partida, mantendo uma vantagem material decisiva.} 24. Qd2 Qxd2 25. Rxd2 Nxg1 26. Bxa8 Rxa8 27. Kxg1 Rd8 28. Bf4 Rxd2 29. Bxd2 Bxc4 30. Be3 Bxa2 31. Bxc5 a5 {Finais com bispos de cores opostas tendem ao empate, mas uma vantagem de três peões é demais.} 32. f4 {Mark Crowther: 'Black is clearly winning.'} f6 33. Kf2 Kf7 34. Ba3 Ke6 35. Bf8 a4 36. Ke3 Kf7 37. Bb4 h6 38. Kf2 g5 39. Kg3 Bd5 40. Ba3 Be4 41. Bc1 gxh4+ {As Pretas simplesmente levam o rei para a ala da dama e avançam o peão até que o bispo das Brancas seja capturado. O bispo em e4 protege firmemente o peão em f5. 0-} 0-1

[Event "FIDE Candidates 2026"]
[Site "Pegeia, Cyprus"]
[Date "2026.04.03"]
[Round "5.4"]
[White "Giri, Anish"]
[Black "Wei, Yi"]
[Result "1/2-1/2"]
[ECO "E05"]
[WhiteElo "2753"]
[BlackElo "2754"]
[Annotator "Mark Crowther"]
[PlyCount "84"]
[EventDate "2026.??.??"]
[TimeControl "40/7200:1800+30"]

1. c4 e6 2. g3 d5 3. Bg2 Nf6 4. Nf3 Be7 5. O-O O-O 6. d4 dxc4 7. Qc2 a6 8. a4 Bd7 9. Qxc4 c5 $5 {A new move that ultimately gave Wei Yi an effortless draw.} (9... Bc6 {has been played in almost 4,000 top-level games.}) ({RR} 9... b5 10. Qc2 Nc6 11. Bd2 Nd5 12. Nc3 Ncb4 13. Qc1 bxa4 14. Nxa4 Bb5 15. Re1 a5 16. Nc5 c6 17. Ne5 Qc7 18. h4 Rfd8 19. Ra3 Bf6 20. Bg5 Qe7 21. e4 Nb6 22. Rf3 Rxd4 23. Bxf6 gxf6 24. Ng4 {Caruana,F (2786)-Sarana,A (2693) chess.com INT 2023 1-0 (54)}) 10. dxc5 {Giri stopped to think, but not for too long, and in what followed, White's edge gradually faded away.} Bc6 $146 ({Predecessor: RR} 10... Bb5 11. Qc2 Bc6 12. Bg5 Nbd7 13. Bxf6 Bxf6 14. Nbd2 Rc8 15. Nb3 Bd5 16. a5 Bxb3 17. Qxb3 Nxc5 18. Qb4 Qd5 19. Nd2 Qe5 20. Ne4 Nxe4 21. Bxe4 Qxb2 22. Qxb2 Bxb2 23. Ra2 {½-½ Magai,V (2492)-Khazhatuly,A (1906) Moscow Botvinnik Memorial Cup 2024 (8.23) ½-½ (23) Magai,V (2492)-Khazhatuly,A (1906) Moscow RUS 2024}) 11. Nc3 a5 {Black sacrificed a pawn. White is slightly better.} 12. Ne5 Bxg2 13. Kxg2 Nbd7 14. Nd3 Nxc5 15. Nxc5 Qc7 16. Be3 {[#]} Rac8 17. N3e4 Nxe4 18. Qxe4 Bxc5 19. Rac1 b6 20. Rfd1 Qe7 {The position is equal.} 21. Bxc5 Rxc5 22. Rxc5 Qxc5 $11 23. Rd7 g6 24. b3 Qc3 25. Qf3 Qxf3+ 26. exf3 {KR-KR} Rc8 27. Rd6 b5 28. axb5 Rb8 29. b6 Kf8 30. Rc6 Rb7 31. g4 Ke8 32. h4 Kd7 33. Rc5 Rxb6 34. Rxa5 Ke7 35. h5 h6 36. f4 Rxb3 37. hxg6 fxg6 38. Ra7+ Kf6 39. Rh7 h5 40. gxh5 gxh5 41. Rxh5 Rd3 42. f3 Rd5 1/2-1/2

[Event "FIDE Candidates 2026"]
[Site "Pegeia, Cyprus"]
[Date "2026.04.05"]
[Round "6.2"]
[White "Sindarov, Javokhir"]
[Black "Giri, Anish"]
[Result "1/2-1/2"]
[ECO "D38"]
[WhiteElo "2745"]
[BlackElo "2753"]
[Annotator "Crowther,Mark"]
[PlyCount "170"]
[EventDate "2026.??.??"]
[TimeControl "40/7200:1800+30"]

1. d4 Nf6 2. c4 e6 3. Nf3 d5 4. Nc3 Bb4 5. Bg5 h6 6. Bxf6 Qxf6 7. e3 O-O 8. Rc1 dxc4 9. Bxc4 c5 10. O-O cxd4 11. Ne4 (11. Nxd4 Bd7 12. Qb3 Nc6 13. Nxc6 Bxc3 14. Rxc3 Bxc6 15. Bb5 Bd5 16. Bc4 Bc6 17. Bb5 Bd5 18. Bc4 Bc6 {½-½ Nihal,S (2716)-Sargsyan,S (2656) Chess.com Play In4 Chess.com INT blitz 2026 (9)}) 11... Qe7 12. exd4 {A principled but rare choice.} (12. a3 Ba5 13. Qxd4 {preserving an intact pawn structure is much more common.}) 12... Rd8 13. Qe2 Nc6 {Giri already had a serious think here, while Sindarov kept blitzing out his moves.} 14. Rfd1 Ba5 15. Bb5 Bd7 16. Nc5 Be8 17. d5 $1 {Sindarov follows his prep.} exd5 18. Qxe7 Nxe7 19. Nxb7 Rdb8 {By this point Giri was already down 50 minutes on the clock, but as Sindarov pointed out, it's not so easy to hustle someone on time in a technical endgame.} 20. Nxa5 Rxb5 21. Nb3 a5 22. Rd2 a4 23. Nbd4 Rb7 {[#]} 24. h3 $146 ({RR} 24. Ne5 Rc8 25. Rxc8 Nxc8 26. b3 axb3 27. axb3 Nd6 28. Nd3 Nb5 29. Nb4 Nxd4 30. Rxd4 Ra7 31. Rd1 Rb7 32. Rd4 Rc7 33. f3 Rc1+ 34. Kf2 Rb1 35. Rd3 Rb2+ 36. Kg1 Rb1+ 37. Kf2 Rb2+ 38. Kg1 Rb1+ {½-½ Ruck,R (2531)-Dizdar,G (2541) AUT-chT 0607 Austria 2006 (7) Ruck,R (2531)-Dizdar,G (2541) Austria 2007 ½-½ (38)}) 24... Rab8 25. b3 axb3 26. axb3 {The knight has a beautiful outpost on d4 while defending b3. Meanwhile White can target the d5-pawn.} f6 27. g4 h5 28. Ne1 hxg4 29. hxg4 Ng6 30. f3 Ne5 31. Kf2 g5 32. Nd3 Bd7 33. Kg3 Nxd3 (33... Rc8 34. Rxc8+ Bxc8 {is probably the way to complete equality.}) 34. Rxd3 Rb6 35. Rd2 Kf7 36. Rc5 R8b7 {Giri already makes clear his plan to give up the d5-pawn.} 37. Rh2 (37. Rxd5 Be6 38. Rd8 Rd7 39. Rxd7+ Bxd7 40. Rc2 {is, as in the game, close to equality.}) 37... Rd6 38. Kf2 Kg7 $6 {[%eval 85,21] [%wdl 275,725,0] Now black has to be careful.} (38... f5 $11 ) 39. Ra5 Rb4 40. Ke3 Rdb6 41. Rxd5 $5 {[%eval 0,34] [%wdl 2,996,2] It seems this wasn't the best time to take this pawn. Allowing black to sacrifice the exchange to achieve a fortress.} (41. Kd3 {, for instance, poses more problems.} Rb7 (41... Rxb3+ 42. Nxb3 Rxb3+ 43. Kd4 {is better for White than in the game because of the active king. Note} Rxf3 $4 {can't be played because of} 44. Ra7 {pinning and winning the bishop.}) 42. Kc3 R4b6 43. Re2 Rc7+ 44. Kb2 Kf7 45. Rxd5 Rcb7 46. Re3 {In this line White has won the pawn without allowing simplifications, though a win is still far off.}) (41. Rc2 $16 Rb7 42. Rxd5) 41... Be6 (41... Rxb3+ 42. Nxb3 Rxb3+ 43. Rd3 Rxd3+ 44. Kxd3 f5 {is also very playable.}) 42. Rd8 Rxb3+ 43. Nxb3 Rxb3+ $11 44. Kf2 Rb2+ {Giri heads for an endgame he correctly judges to be drawn, but} (44... Bxg4 $3 {draws on the spot. Funnily enough this is a draw. Giri of course didn't see this.} 45. fxg4 Rb2+ 46. Kg3 Rb3+ 47. Kg2 Rb2+ 48. Kg1 Rb1+ 49. Kg2 Rb2+ {The king can't leave the h2-rook unprotected, so the game ends in a draw by perpetual check.}) 45. Kg3 Rxh2 46. Kxh2 {Sindarov noted that having two pawns each instead of one makes this endgame harder for Black to hold. As he explained: \"When I analyzed I think he was surviving in every position with only moves, and the moves were really not so hard. I think a lot to do some tricks, but there's really nothing here $1\"} Kf7 {The position is a theoretical draw, Giri was never in any trouble.} 47. Kg3 Ke7 48. Ra8 Kf7 49. Ra7+ Kf8 50. Kf2 Ke8 51. Ke3 Kf8 52. Kd4 Ke8 53. Kc5 Kf8 54. Rb7 Ba2 55. Rc7 Bb3 56. Kd6 Ba2 57. Rc2 Bb3 58. Rb2 Bc4 $1 {An only move, e.g.,} (58... Bf7 $2 {loses to, e.g.} 59. Rb8+ Kg7 60. Rb5 Kf8 61. Rf5 Kg7 62. Ke7 {and pawns start to fall.}) 59. Rb4 Ba2 60. Rb5 (60. Ra4 $11 Bb3 61. Ra8+ Kg7 62. Ra7+ Kf8) 60... Kf7 61. Rb7+ Kf8 62. Rb2 Bc4 63. Rf2 Bb3 64. Rf1 Bc4 65. Ra1 Bb3 66. Ra3 Bc4 67. Ra5 Kf7 68. Ra7+ Kf8 69. Kd7 Kf7 70. Rc7 Bb3 71. Rc5 Be6+ 72. Kc6 Bb3 73. Rf5 Be6 74. Kd6 Bb3 75. Rb5 Ba2 76. Rb4 Kf8 77. f4 gxf4 $1 $16 78. Rxf4 Kg7 79. Ke7 Kg6 80. Rxf6+ Kg5 81. Rf2 Bb3 82. Rg2 Bd1 83. Ke6 Bxg4+ 84. Ke5 Kh5 $1 (84... Kh4 $4 {It's never too late to lose a drawn position.} 85. Kf4 Bc8 86. Rg8 Kh5 (86... Bd7 87. Rh8#) 87. Rxc8) 85. Rxg4 Kxg4 1/2-1/2

[Event "FIDE Candidates 2026"]
[Site "Pegeia, Cyprus"]
[Date "2026.04.05"]
[Round "6.3"]
[White "Bluebaum, Matthias"]
[Black "Nakamura, Hikaru"]
[Result "1/2-1/2"]
[ECO "D46"]
[WhiteElo "2698"]
[BlackElo "2810"]
[Annotator "Crowther,Mark"]
[PlyCount "80"]
[EventDate "2026.??.??"]
[TimeControl "40/7200:1800+30"]

1. d4 d5 2. c4 e6 3. Nf3 Nf6 4. Nc3 h6 {Nakamura pointed out he was repeating a 2023 The American Cup game he'd played against Sam Sevian, but Bluebaum was ready.} 5. a3 c6 6. e3 Nbd7 7. Bd3 Bd6 8. e4 dxe4 9. Nxe4 Nxe4 10. Bxe4 O-O 11. O-O e5 12. Bc2 {A rare move, if not a new one—Nakamura admitted it got him out of book.} Bc7 $1 $146 {\"Very crafty, I'm proud of finding it $1\" said Nakamura. It cost him 33 minutes.} ({RR} 12... f5 13. c5 Be7 14. dxe5 Nxc5 15. Qe2 Qe8 16. Nd4 Kh8 17. Be3 Qg6 18. Rad1 Ne6 19. Nb3 Nc7 20. f4 b6 21. Qf3 c5 22. Nc1 Rb8 23. Ne2 Bb7 24. Qh3 Nd5 25. Bc1 Rbd8 26. Ng3 Bc8 27. Ne2 {Grigoriants,S (2550)-Prohaszka,P (2562) Budapest HUN 2022 ½-½ (31)} Nc7 28. Nc3 Rxd1 29. Rxd1 Qc6 30. Be3 Bb7 31. Rd2 {½-½ Grigoriants,S (2553)-Prohaszka,P (2563) HUN-ch 70th Budapest 2022 (1)}) 13. Re1 exd4 $1 14. Qxd4 Ne5 $1 {Played after a 20-minute think. Nakamura explained that after, e.g.,} (14... Re8 15. Rxe8+ Qxe8 16. Bd2 {White is threatening Bc3 and Rae1, with a brutal attack against Black's kingside.}) 15. Qe4 Nxf3+ {[#]} 16. Kh1 $1 $146 {Again a computer move that Bluebaum blitzed out. The threat of mate on g7 means the knight can't be captured.} (16. Qxf3 Qh4 17. h3 Qxc4 (17... f5 18. b4 Bd7 19. Bb2 Rae8 20. c5 Qf4 21. Bb3+ Kh7 22. Qxf4 Bxf4 23. Red1 Bc8 24. Re1 Bc7 25. Rad1 g5 26. Bf6 Kg6 27. Be7 Rh8 28. h4 Rh7 29. Bd6 Rxe1+ 30. Rxe1 Bxd6 31. cxd6 gxh4 32. f4 Kf6 33. Kh2 Bd7 34. a4 Rg7 35. a5 b6 36. axb6 axb6 37. Ba2 c5 38. bxc5 bxc5 39. Re5 Rg3 40. Re7 Ra3 41. Bg8 Bc6 42. Rc7 Be4 43. Bc4 Ra8 44. Rf7+ Kg6 45. Re7 Rd8 {1-0 Aradhya,G (2202)-Ghosh,D (2469) IND-ch Rapid Mahilong 2025 (5)}) 18. Re7 Qxc2 19. Rxc7 a5 {is the long line Nakamura had calculated.}) 16... g6 17. Qxf3 Qh4 18. h3 Bd7 $1 (18... Qxc4 {no longer worked, as Nakamura pointed out, giving} 19. Bxh6 Qxc2 $4 20. Qf6 {and checkmate to follow.}) (18... Be6 $2 19. Re4 {is the problem with the natural move.}) 19. Be3 (19. Re4 $2 {can now be met by} Rae8 $3 {with the point that} 20. Rxh4 $4 {runs into} Re1#) 19... Rfe8 20. Rad1 Rad8 21. Bxa7 (21. b3 h5 22. Bh6 Rxe1+ 23. Rxe1 Bb6 24. Kg1) 21... Qxc4 {Nakamura felt the worst was over by this point, but he was in for another shock.} (21... Rxe1+ 22. Rxe1 Qg5 {is better, in hindsight.}) 22. Bb6 $3 {Just when Nakamura \"thought I was finally out of danger,\" he was hit by this blow. Luckily he noted he has only moves to stay in the game, so they weren't hard to find.} Rxe1+ (22... Bxb6 $4 {loses to} 23. Bb3 $1 {as Black can no longer defend the f7-square with ...Qf4.}) 23. Rxe1 Qxc2 24. Bxc7 Re8 25. Rxe8+ Bxe8 $11 26. Be5 {White retains checkmating threats with the bishop and queen, but Nakamura noted he was more worried by} (26. Qe3 {He also pointed that with no white pawns involved in the attack, there was always likely to be a defense.}) 26... Qb1+ 27. Kh2 Qf5 28. Qe3 Qe6 29. Qd4 g5 30. Bh8 Kf8 31. f4 gxf4 32. Qxf4 Ke7 33. Bg7 (33. Bc3 {was suggested by Nakamura as the last chance to apply pressure.}) 33... h5 {Nakamura breathed a sigh of relief here.} 34. Bc3 Kd7 35. Kh1 b5 36. Ba5 Qd5 37. Qb8 Qd1+ 38. Kh2 Qd6+ 39. Qxd6+ Kxd6 40. Kg3 f6 1/2-1/2

[Event "FIDE Candidates 2026"]
[Site "Pegeia, Cyprus"]
[Date "2026.04.05"]
[Round "6.4"]
[White "Praggnanandhaa R"]
[Black "Caruana, Fabiano"]
[Result "1/2-1/2"]
[ECO "D17"]
[WhiteElo "2741"]
[BlackElo "2795"]
[Annotator "Crowther,Mark"]
[PlyCount "75"]
[EventDate "2026.??.??"]
[TimeControl "40/7200:1800+30"]

1. d4 d5 2. c4 c6 3. Nf3 Nf6 4. Nc3 dxc4 5. a4 Bf5 6. Ne5 Qc7 $5 {Already a very rare move.} (6... Nbd7 {is vastly more common.} 7. Nxc4 Qc7 8. g3 e5 9. dxe5 Nxe5 10. Bf4 Nfd7 11. h4 f6 12. Qc1 Be6 13. Nxe5 Nxe5 14. a5 a6 15. Ra4 O-O-O 16. Bh3 Bxh3 17. Rxh3 Qd7 18. Rh1 Bd6 19. Kf1 h5 20. Kg2 Ng4 21. Rd1 Bxf4 22. Qxf4 Qe6 23. Rad4 Rxd4 24. Rxd4 Qe5 25. b4 Re8 26. Qd2 f5 27. Na4 Nf6 28. Nb6+ Kc7 29. e3 Qe7 30. Qd3 g6 31. Qc4 Rd8 32. Rxd8 Kxd8 33. Qf4 Qe4+ 34. Qxe4 fxe4 35. f3 Ke7 36. fxe4 {1-0 Maghsoodloo,P (2691)-Nakamura,H (2804) Titled Tuesday intern op 01st Jul Late Chess.com INT blitz 2025 (7)}) 7. Nxc4 Na6 {Caruana blitzes out a bold new idea.} 8. f3 Rd8 9. e4 Be6 10. Ne5 ({RR} 10. Be3 Nb4 11. Nd2 a5 12. Be2 g6 13. O-O Bg7 14. Bc4 Bxc4 15. Nxc4 O-O 16. Qb3 Nh5 17. e5 g5 18. Rad1 Nf4 19. Kh1 Ne6 20. Ne4 h6 21. Bf2 Rd7 22. Nb6 Rdd8 23. Nc4 Rd7 24. Nb6 Rdd8 {Vlasak,L (2440)-Bauer,T (2172) Germany GER 2026 ½-½}) 10... Nb4 11. Be3 a5 {[#]} 12. Bc4 $146 ({RR} 12. Rc1 g6 13. f4 Bg7 14. Be2 O-O 15. O-O Nd7 16. Nf3 Nc5 17. d5 b6 18. dxe6 Rxd1 19. exf7+ Kh8 20. Rcxd1 Nc2 21. Bxc5 bxc5 22. Ng5 Ne3 23. Ne6 Qc8 24. Nxf8 Qxf8 25. e5 {½-½ Kaufman,D (2447)-Atalik,S (2438) Pozarevac Rudar GM 08 2025 (6) ½-½ (25) Akhmedov,D (2447)-Atalik,S (2438) Pozarevac SRB 2025}) (12. Qd2) 12... Nd7 13. Bxe6 Nxe5 $1 14. O-O $1 {Praggnanandhaa had to dig deep, but he found all the best moves—what a position $1} fxe6 15. Bf4 $1 {Strictly the only move, pinning the knight.} Nbd3 $1 {Again the only move—now the tension recedes.} 16. Qxd3 $1 Nxd3 17. Bxc7 Rxd4 18. Rfd1 Rd7 19. Bxa5 {And as Caruana lamented—a fighting opening has resolved into a drawish endgame.} g6 20. Ne2 Bg7 21. Bc3 Bxc3 22. Nxc3 Kf7 23. a5 Rhd8 24. a6 bxa6 25. Rxa6 Rd6 26. h4 Rb8 27. Rd2 h6 28. Nd1 g5 29. h5 Ne5 30. Rxd6 exd6 $11 31. Ra7+ Kf8 32. Kf1 (32. Rh7 $2 Nf7 33. Kf2 Kg8 34. Rxf7 Kxf7 $19) 32... d5 33. exd5 cxd5 34. Ra6 Ke7 35. Ra7+ Kf8 36. Ra6 Ke7 37. Ra7+ Kf8 38. Ra6 {A very well-played game, though as Caruana pointed out, neither play was ever in great danger.} 1/2-1/2